 Dungeon Crawl Stone Soup version 0.28-a0-1233-g92def6ad0a (webtiles) character file.

Game seed: 16338487719558248937

142 Grim the Skirmisher (level 5, -1/57 HPs)
             Began as an Ogre Monk on Dec 23, 2021.
             Slain by a water moccasin (8 damage)
             ... on level 3 of the Dungeon.
             The game lasted 00:03:27 (3147 turns).

Grim the Skirmisher (Ogre Monk)                     Turns: 3147, Time: 00:03:28

Health: -1/57      AC:  3    Str: 15    XL:     5   Next: 25%
Magic:  5/5        EV: 10    Int: 11    God:
Gold:   104        SH:  0    Dex: 13    Spells: 4/4 levels left

rFire   . . .      SeeInvis .   n - +0 flail
rCold   . . .      Faith    .   (no shield)
rNeg    . . .      Spirit   .   b - +0 robe
rPois   .          Reflect  .   (helmet restricted)
rElec   .          Harm     .   (no cloak)
rCorr   .          Rampage  .   (gloves unavailable)
Will    .....                   (boots unavailable)
Stlth   ++........              (no amulet)
HPRegen 0.19/turn               (no ring)
MPRegen 0.09/turn               (no ring)

@: lethally poisoned (-1 -> -8)
A: large, unfitting armour, tough skin 1
a: no special abilities


You were on level 3 of the Dungeon.
You visited 1 branch of the dungeon, and saw 3 of its levels.

You collected 104 gold pieces.

Inventory:

Hand Weapons
 a - a +0 mace
 n - a +0 flail (weapon)
Armour
 b - a +0 robe (worn)
Jewellery
 e - a ring of wizardry
Scrolls
 d - a scroll of acquirement {unknown}
 f - a scroll of silence {unknown}
 h - a scroll of teleportation {unknown}
 i - a scroll of holy word {unknown}
Potions
 c - a potion of cancellation {unknown}
 g - a potion of lignification {unknown}
 j - a potion of might {unknown}
 k - a potion of heal wounds {unknown}
 l - a potion of brilliance {unknown}
 m - a potion of curing {unknown}


   Skills:
 + Level 5.2 Fighting
 * Level 4.3 Maces & Flails
 - Level 2.6 Dodging
 - Level 2.0 Stealth


You had 4 spell levels left.
You didn't know any spells.
Your spell library contained the following spells:

 Spells                   Type           Power      Damage    Failure   Level
 Corpse Rot               Necr/Air       0%         N/A       47%         2
 Poisonous Vapours        Pois/Air       0%         N/A       47%         2


Dungeon Overview and Level Annotations

Branches:
Dungeon (3/15)

Altars:

Shops:
D:1 ?


Innate Abilities, Weirdness & Mutations

You are too large for most types of armour.
You have tough skin. (AC +1)


Message History

You closely miss the water moccasin.
The water moccasin is heavily wounded.
The water moccasin closely misses you. The water moccasin misses you.
You hit the water moccasin.
The water moccasin is heavily wounded.
The water moccasin bites you.
You are poisoned.
The water moccasin poisons you! The water moccasin barely misses you.
You hit the water moccasin.
The water moccasin is severely wounded.
You feel very sick. The water moccasin bites you! The water moccasin bites you.
* * * LOW HITPOINT WARNING * * *
You closely miss the water moccasin.
The water moccasin is severely wounded.
You feel sick. The water moccasin bites you.
* * * LOW HITPOINT WARNING * * *
You miss the water moccasin.
The water moccasin is severely wounded.
You feel sick. The water moccasin bites you.
* * * LOW HITPOINT WARNING * * *
You are more poisoned.
The water moccasin poisons you! The water moccasin bites you.
* * * LOW HITPOINT WARNING * * *
You hit the water moccasin.
The water moccasin is almost dead.
You feel very sick.
The water moccasin bites you but does no damage.
Unknown command.
You closely miss the water moccasin.
The water moccasin is almost dead.
You feel very sick. The water moccasin bites you.
* * * LOW HITPOINT WARNING * * *
The water moccasin closely misses you.
You miss the water moccasin.
The water moccasin is almost dead.
* * * LOW HITPOINT WARNING * * *
You feel sick. The water moccasin bites you!
You die...

##....#รท# #.######
#.......# #...
.###...## #...#
####..### #...#
#.......# #...#
#.##..#.# ####...#####
#.##..#.#............g
#..................g.g
#..##@#...[...........
#...S.#..####.....####
#...... .# #..###..#
...........# #..# #..#
......########..###g.#
####.. #..........S.#
... #.###..#####.#
##.# #.#.#####g#
.#.##.......#


You could see a water moccasin.

Vanquished Creatures
  An iguana (D:3)
  4 gnolls
  2 adders
  An adder skeleton (D:3)
  A dart slug (D:3)
  4 bats
  5 endoplasms
  3 giant cockroaches
  6 goblins
  A hobgoblin (D:1)
  4 kobolds
  2 quokkas (D:2)
  6 ball pythons
  A frilled lizard (D:1)
  19 rats
60 creatures vanquished.

Notes
Turn   | Place    | Note
-------+----------+-------------------------------------------
     0 | D:1      | Grim the Ogre Monk began the quest for the Orb.
     0 | D:1      | Reached XP level 1. HP: 24/24 MP: 1/1
   229 | D:1      | Found Dalluuk's Magic Scroll Shop.
   334 | D:1      | Reached XP level 2. HP: 32/32 MP: 2/2
   360 | D:1      | Found a faded altar of an unknown god.
   889 | D:2      | Reached XP level 3. HP: 28/40 MP: 3/3
  1833 | D:3      | Reached XP level 4. HP: 44/49 MP: 4/4
  2642 | D:2      | Reached skill level 5 in Fighting
  2870 | D:3      | Reached XP level 5. HP: 37/57 MP: 5/5
  3076 | D:3      | Noticed a water moccasin
  3147 | D:3      | Slain by a water moccasin

Illustrated notes

Levels and vault maps discovered:
D:1:      dpeg_arrival_pits, layout_basic, serial_shops, nicolae_shop_crystal,
          ebering_ecumenical_altar_petrified
D:2:      layout_loops_ring, minmay_rat_hole
D:3:      minmay_chambers_of_threes, layout_loops_cross,
          kennysheep_generic_room_13

Skill      XL: |  1  2  3  4 |
---------------+-------------+-----
Maces & Flails | 3 4 |  4.3
Stealth        | 2 |  2.0
Fighting       | 5 |  5.2
Dodging        | |  2.6

Action                   |  1- 3 |  4- 6 || total
-------------------------+-------+-------++-------
Melee: Mace              |    96 |    35 ||   131
       Flail             |       |    30 ||    30
 Stab: Sleeping          |     5 |     3 ||     8
       Distracted        |     1 |       ||     1
Armor: Robe              |    22 |    23 ||    45
Dodge: Dodged            |    55 |    52 ||   107

Table legend: (Time is in decaauts)
 A = Elapsed time spent in this place.
 B = Non-inter-level travel time spent in this place.
 C = Inter-level travel time spent in this place.
 D = Time resting spent in this place.
 E = Time spent auto-exploring this place.
 F = Levels seen in this place.
 G = Mean time per level.
                   A        B        C        D        E       F      G
               +--------+--------+--------+--------+--------+-----+--------+
         Total |   3187 |   3143 |     44 |   1034 |   1647 |   3 | 1062.3 |
       Dungeon |   3187 |   3143 |     44 |   1034 |   1647 |   3 | 1062.3 |
               +--------+--------+--------+--------+--------+-----+--------+

Top non-repeatable levels by time:
     D:2: 1619 daAuts
     D:1: 858 daAuts
     D:3: 709 daAuts
